 Dungeon Crawl Stone Soup version 0.29-a0-732-g3d7fbe0af2 (webtiles) character file.

Game seed: 9189859159846100602

1874 xian the Cruncher (level 8, 0/93 HPs)
             Began as a Demonspawn Wanderer on June 29, 2022.
             Succumbed to a kobold brigand's poison
             ... on level 6 of the Dungeon.
             The game lasted 00:16:44 (5666 turns).

xian the Cruncher (Demonspawn Wanderer)             Turns: 5666, Time: 00:16:45

Health: 0/93       AC: 24    Str: 17    XL:     8   Next: 91%
Magic:  8/8        EV:  2    Int: 11    God:
Gold:   303        SH:  0    Dex: 13    Spells: 7/7 levels left

rFire   . . .      SeeInvis .   a - +3 quarterstaff
rCold   + + .      Faith    .   (shield currently unavailable)
rNeg    . . .      Spirit   .   (body armour currently unavailable)
rPois   +          Reflect  .   (helmet currently unavailable)
rElec   +          Harm     .   (cloak currently unavailable)
rCorr   +          Rampage  .   (gloves currently unavailable)
Will    .....      NoTele   +   (boots currently unavailable)
Stlth   ++........              (no amulet)
HPRegen 0.25/turn               o - ring of resist corrosion
MPRegen 0.11/turn               p - ring "Vosangyq" {Ice Slay+2}

@: lethally poisoned (0 -> -8), tree-form, resistant, attractive
A: stationary, stasis, torment immunity, boosted hp, rugged brown scales 1,
demonic magic 2
a: no special abilities


You were on level 6 of the Dungeon.
You were a tree.
You visited 1 branch of the dungeon, and saw 6 of its levels.

You collected 303 gold pieces.

Inventory:

Hand Weapons
 a - a +3 quarterstaff (weapon)
 r - a +2 dagger of draining
Missiles
 n - 15 poisoned darts (quivered)
 t - a throwing net
Armour
 b - a +0 pair of boots (melded)
 c - a +1 helmet (melded)
 e - a +0 leather armour
 l - a +0 plate armour (melded)
Magical Staves
 k - a staff of conjuration
Jewellery
 o - a ring of resist corrosion (left branch)
 p - a ring "Vosangyq" (right branch) {Ice Slay+2}
   (You acquired it on level 6 of the Dungeon)

   [ring of ice]

   It enhances your ice magic.
   Slay:      It affects your accuracy & damage with ranged weapons and melee
   (+2).
   rF:        It makes you vulnerable to fire.
   rC:        It protects you from cold.
Wands
 h - a wand of iceblast (7)
 q - a wand of mindburst (5)
Scrolls
 d - a scroll of amnesia
 s - 2 scrolls of fear
Potions
 f - 2 potions of resistance
 g - 2 potions of cancellation
 i - 2 potions of lignification


   Skills:
 + Level 4.4 Fighting
 + Level 1.0(5.6) Polearms
 + Level 8.9 Staves
 + Level 1.3 Throwing
 + Level 4.5 Armour
 + Level 2.0 Dodging
 + Level 2.1 Stealth
 + Level 1.2 Invocations
 + Level 0.3 Evocations


You had 7 spell levels left.
You didn't know any spells.
Your spell library contained the following spells:

 Spells                   Type           Power      Damage    Failure   Level
 Beastly Appendage        Tmut           0%         N/A       34%         1
 Sting                    Tmut/Pois      0%         1d3       34%         1
 Blink                    Tloc           0%         N/A       47%         2
 Poisonous Vapours        Pois/Air       0%         N/A       47%         2
 Wereblood                Tmut           0%         N/A       47%         2
 Call Canine Familiar     Summ           0%         N/A       71%         3
 Gell's Gravitas          Tloc           0%         N/A       71%         3
 Lesser Beckoning         Tloc           0%         N/A       71%         3
 Portal Projectile        Hex/Tloc       0%         N/A       71%         3
 Spider Form              Tmut/Pois      0%         N/A       71%         3
 Stone Arrow              Conj/Erth      0%         3d7       71%         3
 Teleport Other           Tloc           0%         N/A       71%         3
 Animate Armour           Summ/Erth      0%         N/A       98%         4
 Leda's Liquefaction      Hex/Erth       0%         N/A       98%         4
 Olgreb's Toxic Radiance  Pois           0%         N/A       98%         4
 Manifold Assault         Tloc           0%         N/A       100%        5
 Lehudib's Crystal Spear  Conj/Erth      0%         10d2      100%        8


Dungeon Overview and Level Annotations

Branches:
Dungeon (6/15)
 Temple: D:4-7

Altars:
Dithmenos
Gozag
Xom

Shops:
D:6 *

Annotations:
D:5 3 runed translucent doors, gobodom's ghost, amateur GrEE
D:6 good armor, 3 runed translucent doors, blackman's ghost, weakling HuDe


Innate Abilities, Weirdness & Mutations

You are a tree.
Your roots penetrate the ground, keeping you stationary.
You cannot be teleported.
You are immune to unholy pain and torment.
Your maximum health is greatly increased.
Your equipment is partially melded.
(You are partially covered in rugged brown scales. (AC +1, +3% HP))
Spells you cast may paralyse nearby enemies.


Message History

Your +0 plate armour melds into your body.
Your roots penetrate the ground.
* * * LOW HITPOINT WARNING * * *
You feel very sick.
The kobold hits you with a +0 short sword of venom.
* * * LOW HITPOINT WARNING * * *
It was a potion of attraction.
You feel attractive to monsters.
* * * LOW HITPOINT WARNING * * *
You feel very sick. The kobold hits you but does no damage.
Unknown command.
You sock the kobold!
You kill the kobold!
* * * LOW HITPOINT WARNING * * *
You feel very sick.
You cannot move.
You feel protected.
* * * LOW HITPOINT WARNING * * *
You feel very sick.
Unknown command.
You cannot move.
* * * LOW HITPOINT WARNING * * *
You feel sick.
* * * LOW HITPOINT WARNING * * *
You feel sick.
* * * LOW HITPOINT WARNING * * *
You feel sick.
* * * LOW HITPOINT WARNING * * *
You feel sick.
* * * LOW HITPOINT WARNING * * *
You feel sick.
The kobold brigand is attracted toward you.
* * * LOW HITPOINT WARNING * * *
You feel sick.
The kobold brigand throws a poisoned dart.
The poisoned dart hits you!
You are more poisoned.
The kobold brigand is attracted toward you.
You die...

#..........)'.K.K......
#........†.##†.........
##.....#.##.......§..
#.####.....#.##..........
.........§.).##..........
.####.....####...#+#....
#.....# #...#.#....
#..K..# #####......
#..♣..# #...... #.....#
#..#### ####### #..###?
#..##.. #..#P.# #..#K.#
#..#KK# #..##WK #...##+


You could see a kobold brigand.

Vanquished Creatures
  A slime creature (D:6)
  Prince Ribbit (D:6)
  Pargi (D:3)
  A black bear (D:4)
  3 ogres
  A scorpion (D:5)
  A howler monkey (D:6)
  6 hounds
  8 jellies
  2 orc priests (D:4)
  2 iguanas
  Natasha (twice) (D:2)
  An orc wizard (D:4)
  4 gnolls (D:6)
  10 adders
  A white imp (D:5)
  A worm (D:5)
  4 dart slugs
  17 orcs
  4 ball pythons
  4 bats
  19 endoplasms
  3 giant cockroaches
  5 hobgoblins
  4 jackals
  2 quokkas
  3 frilled lizards (D:2)
  6 goblins
  10 kobolds
  2 rats
  A spectral hobgoblin (D:2)
130 creatures vanquished.

Vanquished Creatures (collateral kills)
  Edmund (D:5)
1 creature vanquished.

Vanquished Creatures (others)
  6 fungi (D:6)
  2 plants (D:6)
8 creatures vanquished.

Grand Total: 139 creatures vanquished

Notes
Turn   | Place    | Note
-------+----------+-------------------------------------------
     0 | D:1      | xian the Demonspawn Wanderer began the quest for the Orb.
     0 | D:1      | xian set off with the following items: a +2 quarterstaff, a
                  | +0 spear, a +0 helmet, a potion of berserk rage, a +0
                  | leather armour.
     0 | D:1      | Reached XP level 1. HP: 15/15 MP: 1/1
   227 | D:1      | Reached skill level 4 in Staves
   283 | D:1      | Gained mutation: You are partially covered in rugged brown
                  | scales. (AC +1, +3% HP) [demonic ancestry]
   283 | D:1      | Reached XP level 2. HP: 15/21 MP: 2/2
  1326 | D:2      | Reached XP level 3. HP: 26/26 MP: 3/3
  1417 | D:2      | Found a faded altar of an unknown god.
  1573 | D:2      | Noticed Natasha
  1580 | D:2      | Killed Natasha
  1581 | D:2      | Gained mutation: Spells you cast may paralyse adjacent
                  | enemies. [demonic ancestry]
  1581 | D:2      | Reached XP level 4. HP: 30/32 MP: 4/4
  1743 | D:2      | Reached skill level 5 in Staves
  1783 | D:2      | Noticed Natasha
  1792 | D:2      | Killed Natasha
  1793 | D:2      | Reached skill level 1 in Armour
  1946 | D:3      | Reached XP level 5. HP: 38/38 MP: 5/5
  2088 | D:3      | Found an opulent altar of Gozag.
  2119 | D:3      | Noticed Pargi
  2130 | D:3      | Killed Pargi
  2306 | D:3      | You fall into a shaft and drop 1 floor!
  2314 | D:4      | Noticed an ogre
  2320 | D:4      | Killed an ogre
  2321 | D:4      | Reached skill level 6 in Staves
  2321 | D:4      | Gained mutation: Spells you cast may paralyse nearby
                  | enemies. [demonic ancestry]
  2321 | D:4      | Reached XP level 6. HP: 30/45 MP: 6/6
  3163 | D:4      | Reached XP level 7. HP: 51/51 MP: 7/7
  3460 | D:4      | Found a shadowy altar of Dithmenos.
  3460 | D:4      | Found a shimmering altar of Xom.
  3708 | D:5      | Entered Level 5 of the Dungeon
  3731 | D:5      | Reached skill level 7 in Staves
  3836 | D:5      | Found a runed translucent gate.
  3837 | D:5      | Found a runed translucent gate.
  3837 | D:5      | Found a runed translucent gate.
  3841 | D:5      | Noticed gobodom's ghost (amateur GrEE)
  4069 | D:5      | Noticed Edmund
  4091 | D:5      | Killed Edmund
  4864 | D:6      | Found Vuohy's General Store.
  5049 | D:6      | Reached XP level 8. HP: 59/59 MP: 8/8
  5064 | D:6      | Noticed a slime creature
  5082 | D:6      | Killed a slime creature
  5098 | D:6      | Reached skill level 8 in Staves
  5102 | D:6      | Reached skill level 1 in Throwing
  5392 | D:6      | Found a runed translucent gate.
  5392 | D:6      | Found a runed translucent gate.
  5392 | D:6      | Found a runed translucent gate.
  5394 | D:6      | Noticed blackman's ghost (weakling HuDe)
  5531 | D:6      | Identified a scroll of acquirement
  5531 | D:6      | Acquired a ring "Vosangyq" {Ice Slay+2}
  5554 | D:6      | Noticed Prince Ribbit
  5588 | D:6      | Killed Prince Ribbit
  5653 | D:6      | HP: 3/62 [poisoned by a kobold]
  5654 | D:6      | HP: 1/62 [poisoned by a kobold]
  5662 | D:6      | HP: 4/93 [poisoned by a kobold]
  5666 | D:6      | Succumbed to a kobold brigand's poison

Illustrated notes

Levels and vault maps discovered:
D:1:      zelgadis_glass_arrival_small, layout_basic, minmay_misc_feat_x
D:2:      layout_basic, dreamdust_ecumenical_altar_drowned_temple, uniq_natasha
D:3:      layout_rooms, nicolae_gozag_seed_capital, uniq_pargi
D:4:      layout_basic, gammafunk_temple_overflow_statue
D:5:      layout_cave_pods, ebering_ghost_rock_garden, nicolae_sextant,
          uniq_edmund
D:6:      lemuel_slime, layout_basic, serial_shops, shop,
          gammafunk_ghost_nasty_kobolds, uniq_prince_ribbit1, uniq_maggie

Skill      XL: |  1  2  3  4  5  6  7  8 |
---------------+-------------------------+-----
Staves         | 4 5 6 7 8 |  8.9
Armour         | 1 2 3 4 |  4.5
Fighting       | 2 3 4 |  4.4
Stealth        | 2 |  2.1
Dodging        | 2 |  2.0
Throwing       | 1 |  1.3
Polearms       | |  1.0
Invocations    | |  1.2
Evocations     | |  0.3

Action                   |  1- 3 |  4- 6 |  7- 9 || total
-------------------------+-------+-------+-------++-------
Melee: Quarterstaff      |    64 |   118 |   185 ||   367
Throw: Dart              |       |       |     7 ||     7
Evoke: Wand              |       |     2 |     2 ||     4
  Use: Scroll            |     8 |     6 |     5 ||    19
       Potion            |       |     3 |     4 ||     7
 Stab: Sleeping          |     1 |       |       ||     1
Armor: Leather armour    |     3 |       |       ||     3
       Plate armour      |    40 |   106 |   124 ||   270
       Skin              |       |       |     1 ||     1
Dodge: Dodged            |    18 |    33 |    48 ||    99

Table legend: (Time is in decaauts)
 A = Elapsed time spent in this place.
 B = Non-inter-level travel time spent in this place.
 C = Inter-level travel time spent in this place.
 D = Time resting spent in this place.
 E = Time spent auto-exploring this place.
 F = Levels seen in this place.
 G = Mean time per level.
                   A        B        C        D        E       F      G
               +--------+--------+--------+--------+--------+-----+--------+
         Total |   5667 |   5592 |     75 |     66 |   4245 |   6 |  944.5 |
       Dungeon |   5667 |   5592 |     75 |     66 |   4245 |   6 |  944.5 |
               +--------+--------+--------+--------+--------+-----+--------+

Top non-repeatable levels by time:
     D:4: 1407 daAuts
     D:1: 1264 daAuts
     D:5: 1152 daAuts
     D:6: 789 daAuts
     D:2: 686 daAuts
     D:3: 367 daAuts
